 Dungeon Crawl Stone Soup version 0.26.1-11-gd32895ea62 (webtiles) character file.

Game seed: 16608195004158128127

232868 Icepheonix32 the Eclecticist (level 18, -1/79 HPs)
             Began as a Spriggan Venom Mage on June 21, 2021.
             Was the Champion of Dithmenos.
             Killed from afar by a starcursed mass (16 damage)
             ... with an accursed screaming
             ... while paralysed by accursed screaming
             ... on level 2 of the Abyss on June 22, 2021.
             The game lasted 04:57:34 (53414 turns).

Icepheonix32 the Eclecticist (Spriggan Venom Mage) Turns: 53414, Time: 04:57:35

Health: -1/79      AC:  3    Str:  4      XL:     18   Next: 83%
Magic:  2/55       EV:  4    Int: 20 (22) God:    Dithmenos [******]
Gold:   1946       SH:  0    Dex: 21 (24) Spells: 1/55 levels left

rFire    + . .     SeeInvis +   F - +0 staff of Battle
rCold    . . .     Faith    .   (shield currently unavailable)
rNeg     + . .     Spirit   .   u - +2 robe of Vaquazei {rElec Slay+2}
rPois    +         Reflect  +   (helmet restricted)
rElec    +         Harm     .   j - scarf {repulsion}
rCorr    .         Rampage  .   (gloves unavailable)
Will     +++..     Rnd*Tele +   (boots unavailable) Stlth **++++++++
                                R - amulet "Howylut" {Reflect rPois rC+ Dex+2 SH+5}
HPRegen  0.23/turn              o - ring of Zotti {Fire rN+ Int+3}
MPRegen  0.34/turn              w - ring of magical power

@: paralysed, about to teleport, hasted, wreathed by umbra, studying Stealth,
repel missiles, very quick
A: very small, unfitting armour, horns 1, large bone plates 1, thin skeletal
structure 1, see invisible, [deformed body], [deterioration 1], speed 3, high mp
1, [screaming 2], [teleportitis 1], weak 1, [no potion heal 2], [subdued magic
1]
}: 1/15 runes: serpentine
a: Renounce Religion, Shadow Step, Shadow Form


You were on level 2 of the Abyss.
You worshipped Dithmenos.
Dithmenos was exalted by your worship.
You visited 6 branches of the dungeon, and saw 31 of its levels.
You visited the Abyss 1 time.
You also visited: Sewer and Bailey.

You collected 5912 gold pieces.
You spent 3966 gold pieces at shops.

Inventory:

Hand Weapons
 r - a +6 dagger of electrocution
 F - the +0 staff of Battle (weapon)
   (You found it in a bailey)
Missiles
 l - 3 silver boomerangs
 n - 118 poisoned darts (quivered)
 E - 6 throwing nets
Armour
 e - a +2 robe of resistance
 j - a scarf of repulsion (worn)
 p - a +2 cloak
 u - the +2 robe of Vaquazei (worn) {rElec Slay+2}
   (You found it on level 2 of the Elven Halls)

   It affects your accuracy and damage with ranged weapons and melee attacks
   (+2).
   It insulates you from electricity.
 D - a +2 robe of willpower
 L - a +2 robe of the Archmagi
Jewellery
 o - the ring of Zotti (left hand) {Fire rN+ Int+3}
   (You found it on level 11 of the Dungeon)

   [ring of fire]

   It enhances your fire magic.
   It affects your intelligence (+3).
   It protects you from fire.
   It makes you vulnerable to cold.
   It protects you from negative energy.
 q - an uncursed ring of flight
 s - an uncursed amulet of the acrobat
 w - a ring of magical power (right hand)
 B - an uncursed ring of protection from cold
 R - the amulet "Howylut" (around neck) {Reflect rPois rC+ Dex+2 SH+5}
   (You bought it in a shop on level 4 of the Snake Pit)

   [amulet of reflection]

   It shields you and reflects attacks.
   It affects your dexterity (+2).
   It protects you from cold.
   It protects you from poison.
   It affects your SH (+5).
 T - the ring of Eternity {Str+4 SInv Stlth+}
   (You found it on level 5 of the Lair of Beasts)

   [ring of stealth]

   It affects your strength (+4).
   It lets you see invisible.
   It makes you more stealthy.
 X - the ring "Reskeadump" {rElec rPois rF+ rN+ Str-4 Stlth+}
   (You bought it in a shop on level 1 of the Snake Pit)

   [ring of stealth]

   It affects your strength (-4).
   It protects you from fire.
   It insulates you from electricity.
   It protects you from poison.
   It protects you from negative energy.
   It makes you more stealthy.
 Y - an uncursed ring of resist corrosion
Wands
 h - a wand of random effects (57)
 z - a wand of flame (21)
 C - a wand of digging (5)
 I - a wand of iceblast (5)
 P - a wand of enslavement (23)
Scrolls
 g - 6 scrolls of teleportation
 v - a scroll of enchant weapon
 x - 3 scrolls of amnesia
 y - a scroll of vulnerability
 A - a scroll of brand weapon
 H - 2 scrolls of blinking
 J - a scroll of summoning
 M - 12 scrolls of remove curse
 N - 2 scrolls of immolation
 O - 6 scrolls of fear
 Q - 16 scrolls of identify
 V - 2 scrolls of magic mapping
 W - 2 scrolls of holy word
Potions
 a - 4 potions of brilliance
 b - 3 potions of berserk rage
 c - a potion of ambrosia
 d - 10 potions of heal wounds
 f - 18 potions of curing
 i - 4 potions of resistance
 k - 10 potions of lignification
 m - 4 potions of flight
 t - 3 potions of might
 Z - 3 potions of cancellation
Books
 K - a manual of Stealth
Miscellaneous
 G - a phial of floods
 S - a tin of tremorstones (2/2)


   Skills:
 + Level 2.5 Fighting
 + Level 0.5(2.1) Short Blades
 - Level 2.3(2.4) Long Blades
 + Level 0.4 Staves
 - Level 1.0 Armour
 * Level 17.9 Dodging
 + Level 13.2 Stealth
 + Level 2.8 Shields
 + Level 4.1 Unarmed Combat
 + Level 19.4 Spellcasting
 + Level 10.2 Conjurations
 * Level 8.3 Hexes
 * Level 7.1 Summonings
 - Level 2.2 Translocations
 - Level 7.2 Transmutations
 + Level 5.5 Fire Magic
 + Level 9.5 Air Magic
 + Level 12.8 Poison Magic
 + Level 6.4 Invocations
 + Level 1.4 Evocations


You had one spell level left.
You knew the following spells:

 Your Spells              Type           Power        Failure   Level
a - Sting                 Tmut/Pois      100%         1%          1
b - Poisonous Vapours     Pois/Air       98%          1%          2
c - Mephitic Cloud        Conj/Pois/Air  64%          1%          3
d - Ignite Poison         Fire/Tmut/Pois 58%          1%          3
e - Olgreb's Toxic Radia  Pois           53%          1%          4
f - Summon Lightning Spi  Summ/Air       40%          1%          4
g - Shock                 Conj/Air       100%         1%          1
h - Lightning Bolt        Conj/Air       31%          1%          5
i - Summon Guardian Gole  Hex/Summ       38%          1%          3
j - Slow                  Hex            40%          1%          2
k - Silence               Hex/Air        21%          1%          5
l - Blink                 Tloc           N/A          1%          2
m - Cause Fear            Hex            20%          1%          4
n - Fireball              Conj/Fire      36%          1%          5
o - Blade Hands           Tmut           18%          2%          5
p - Summon Mana Viper     Hex/Summ       38%          2%          5

Your spell library contained the following spells:

 Spells                   Type           Power        Failure   Level
 Beastly Appendage        Tmut           74%          1%          1
 Freeze                   Ice            56%          1%          1
 Magic Dart               Conj           100%         1%          1
 Summon Small Mammal      Summ           100%         1%          1
 Call Imp                 Summ           36%          1%          2
 Swiftness                Air            44%          1%          2
 Wereblood                Tmut           37%          1%          2
 Call Canine Familiar     Summ           36%          1%          3
 Confusing Touch          Hex            40%          1%          3
 Conjure Flame            Conj/Fire      73%          1%          3
 Spider Form              Tmut/Pois      22%          1%          3
 Static Discharge         Conj/Air       62%          1%          3
 Airstrike                Air            22%          1%          4
 Iskenderun's Battlesphe  Conj           63%          1%          5
 Gell's Gravitas          Tloc           10%          2%          3
 Hailstorm                Conj/Ice       46%          2%          4
 Yara's Violent Unravell  Hex/Tmut       19%          2%          5
 Summon Demon             Summ           18%          3%          5
 Ice Form                 Ice/Tmut       26%          4%          4
 Petrify                  Tmut/Erth      26%          4%          4
 Summon Ice Beast         Ice/Summ       25%          4%          4
 Frozen Ramparts          Ice            28%          6%          3
 Ozocubu's Armour         Ice            14%          6%          3
 Bolt of Magma            Conj/Fire/Erth 31%          7%          5
 Summon Forest            Summ/Tloc      14%          9%          5
 Metabolic Englaciation   Hex/Ice        13%          11%         5
 Starburst                Conj/Fire      36%          13%         6
 Shadow Creatures         Summ           N/A          19%         6
 Animate Dead             Necr           7%           22%         4
 Orb of Destruction       Conj           31%          28%         7
 Iron Shot                Conj/Erth      23%          38%         6
 Spellforged Servitor     Conj/Summ      29%          50%         7
 Borgnjor's Vile Clutch   Necr/Erth      7%           54%         5
 Summon Hydra             Summ           18%          73%         7
 Malign Gateway           Summ/Tloc      14%          96%         7
 Death Channel            Necr           7%           98%         6
 Simulacrum               Ice/Necr       7%           98%         6
 Discord                  Hex            20%          99%         8
 Ignition                 Fire           24%          100%        8


Dungeon Overview and Level Annotations

Branches:
Dungeon (15/15)            Temple (1/1) D:6            Lair (6/6) D:9
  Swamp (0/4) Lair:2        Snake (4/4) Lair:3        Slime (0/5) Lair:5
    Orc (2/2) D:10            Elf (3/3) Orc:2        Vaults (0/5) D:14
 Depths (0/5) D:15          Sewer (visited)          Bailey (visited)

Altars:
Ashenzari
Cheibriados
Dithmenos
Elyvilon
Fedhas
Gozag
Hepliaklqana
Kikubaaqudgha
Makhleb
Nemelex Xobeh
Okawaru
Qazlal
Ru
Sif Muna
Trog
Uskayaw
Vehumet
Wu Jian
Xom
Yredelemnul
Zin
The Shining One

Shops:
D:4 }   Orc:2 :*![   Elf:1 (   Elf:2 (   Snake:1 =?   Snake:2 =   Snake:4 =}=(

Annotations:
Lair:4 exclusion: oklob plant
Lair:5 exclusion: oklob plant
Elf:2 3 runed translucent doors, BlaiseRascal's ghost, adept OpDe
Elf:3 exclusion: orange crystal statue


Innate Abilities, Weirdness & Mutations

You are very small and have problems with some larger weapons.
You are too small for most types of armour.
You have supernaturally acute eyesight. (SInv)
You cover ground extremely quickly.
You have a pair of small horns on your head.
You are partially covered in large bone plates. (SH +4)
You have a somewhat thin skeletal structure. (Dex +2, Stealth)
You have an increased reservoir of magic. (+10% MP)
You are weak. (Str -2)
[Armour fits poorly on your strangely shaped body.]
[Your body sometimes deteriorates upon taking damage.]
[You sometimes yell uncontrollably at your foes.]
[You are occasionally teleported next to monsters.]
[Potions are poor at restoring your health.]
[Your spells are a little easier to cast, but a little less powerful.]


Message History

Your battlesphere fires!
The barrage of energy hits the thrashing horror!
You destroy the thrashing horror!
Dithmenos accepts your kill.
You feel the corruption within you wane somewhat.
You feel a little healthier.
Your system partly accepts the healing effects of potions.
You feel stronger.
You feel stable.
Your connection to magic feels less subdued.
You swap places.
Your system partially rejects the healing.
You feel much better.
A starcursed mass splits.
A deafening chorus of shrieks assaults your mind!
* * * LOW HITPOINT WARNING * * *
Your body deteriorates!
You feel dopey.
You suddenly lose the ability to move!
A starcursed mass splits.
A cacophony of accursed wailing tears at your sanity!
You die...

###. #.xX....... #
.
##...#.#x...X.....
#..X#
XX...#...#.###
##..X...XX........#
# .#X###XX.......#
#.....#........#
####X#.........
#..#*........#
#####@.......
#.......##
#.......# ##..##.##
... .. .... . ....#
....#


You could see 10 starcursed masses, a large abomination, a small abomination and
a friendly battlesphere.

Vanquished Creatures
  Mara (Snake:4)
  Rupert (D:14)
  3 deep elf blademasters
  9 nagarajas
  3 deep elf sorcerers (Elf:3)
  5 deep elf elementalists (Elf:3)
  Nessos (D:13)
  A very ugly thing (Abyss:2)
  5 deep elf demonologists
  2 deep elf annihilators
  Josephine (Lair:6)
  A deep elf death mage (Elf:3)
  4 ogre magi
  4 deep elf high priests (Elf:3)
  8 hydras
  6 boulder beetles
  16 anacondas
  14 naga warriors
  5 centaur warriors
  29 dancing weapons
  A tengu warrior (D:15)
  16 two-headed ogres
  2 thrashing horrors (Abyss:2)
  8 naga sharpshooters
  6 death yaks
  The ghost of vvl the Transmogrifier, a novice DsTm of Kikubaaqudgha (D:11)
  Urug (D:14)
  5 shock serpents
  11 slime creatures
  Nergalle (Lair:4)
  15 deep elf knights
  2 salamander mystics (Snake:4)
  3 skeletal warriors (D:15)
  2 deep trolls (Orc:2)
  A starcursed mass (Abyss:2)
  Pikel (D:7)
  13 deep elf archers
  6 lindwurms
  6 naga ritualists
  52 deep elf magi
  15 mana vipers
  4 orc knights
  4 cyclopes
  2 orc sorcerers
  3 ugly things
  3 manticores
  11 salamanders
  30 black mambas
  9 elephants
  8 guardian serpents
  22 naga magi
  A torpor snail (Lair:5)
  A gargoyle (D:11)
  A smoke demon (Abyss:2)
  Psyche (D:9)
  15 cane toads
  A komodo dragon (shapeshifter) (D:12)
  An efreet (D:15)
  2 kobold demonologists (D:15)
  11 komodo dragons
  An ancient zyme (Abyss:2)
  10 trolls
  9 polar bears
  A jumping spider (shapeshifter) (D:15)
  Prince Ribbit (D:9)
  7 hornets (Lair:6)
  21 blink frogs
  8 dream sheep
  An air elemental (Elf:3)
  2 centaur simulacra
  13 spriggans (Lair:6)
  4 water elementals
  3 shadows
  A fire elemental (Elf:1)
  17 humans
  10 wyverns
  A large abomination (Abyss:2)
  8 wraiths
  49 yaks
  A neqoxec (Abyss:2)
  5 basilisks
  4 wargs
  2 steam dragons
  34 nagas
  A harpy simulacrum (D:15)
  A vampire mosquito (D:12)
  A naga (shapeshifter) (D:12)
  22 water moccasins
  An acid dragon (D:15)
  A soldier ant (D:15)
  16 orc warriors
  A phantom (D:7)
  3 black bears
  A hornet zombie (D:9)
  14 ice beasts
  4 sky beasts
  37 wolves
  An eye of draining (D:15)
  34 ogres
  6 boggarts
  25 centaurs
  A centaur (shapeshifter) (Elf:2)
  3 big kobolds
  24 bullfrogs
  2 wyvern zombies
  8 gnoll sergeants (Bailey)
  A small abomination (Abyss:2)
  3 scorpions
  17 killer bees
  2 howler monkeys
  18 wights
  2 bullfrog zombies
  2 centaur zombies
  2 bullfrog skeletons (D:9)
  11 hounds
  2 quasits
  5 jellies
  30 orc wizards
  20 orc priests
  5 centaur skeletons
  6 gnoll shamans (Bailey)
  4 iguanas
  5 hell rats (Lair:6)
  10 worker ants
  A killer bee zombie (D:9)
  2 howler monkey zombies
  12 adders
  14 gnolls (Bailey)
  2 river rats (Sewer)
  4 white imps (D:11)
  2 ufetubi
  2 adder skeletons
  5 leopard geckos
  81 orcs
  A ball python (D:3)
  8 giant cockroaches
  10 goblins
  3 hobgoblins
  12 jackals
  25 kobolds
  5 quokkas
  3 bats
  11 frilled lizards
  11 rats
1196 creatures vanquished.

Vanquished Creatures (collateral kills)
  A nagaraja (Snake:4)
  A deep elf annihilator (Elf:3)
  A salamander mystic (Snake:4)
  A naga ritualist (Snake:1)
  2 deep elf magi (Elf:2)
  A mana viper (Snake:4)
  A naga mage (Snake:4)
  A black mamba (Snake:1)
  A starcursed mass (Abyss:2)
  2 nagas
12 creatures vanquished.

Vanquished Creatures (others)
  A black mamba (Snake:1)
  A naga mage (Snake:2)
  A spriggan (Lair:6)
  A naga (Snake:2)
  An earth elemental (Elf:2)
  A bush (Lair:6)
  77 fungi
  149 plants
  4 starspawn tentacles (Abyss:2)
236 creatures vanquished.

Grand Total: 1444 creatures vanquished

Notes
Turn   | Place    | Note
-------+----------+-------------------------------------------
     0 | D:1      | Icepheonix32 the Spriggan Venom Mage began the quest for
                  | the Orb.
     0 | D:1      | Reached XP level 1. HP: 9/9 MP: 5/5
   109 | D:1      | Reached skill level 3 in Spellcasting
   186 | D:1      | Reached XP level 2. HP: 13/13 MP: 0/7
   872 | D:2      | Found a shimmering altar of Xom.
  1262 | D:2      | Reached skill level 4 in Spellcasting
  1262 | D:2      | Reached XP level 3. HP: 16/16 MP: 5/9
  1910 | D:3      | Found a radiant altar of Vehumet.
  2294 | D:3      | Reached XP level 4. HP: 14/21 MP: 7/11
  2579 | D:3      | Reached skill level 5 in Spellcasting
  2664 | D:3      | Found a sacrificial altar of Ru.
  3094 | D:4      | Found Hirefa's Gadget Emporium.
  3098 | D:4      | Reached XP level 5. HP: 19/24 MP: 14/14
  3275 | D:4      | Found a shadowy altar of Dithmenos.
  3290 | D:4      | Became a worshipper of Dithmenos the Shadowed
  3406 | D:4      | Reached skill level 5 in Dodging
  3406 | D:4      | Reached skill level 6 in Spellcasting
  3616 | D:4      | Found a bloodstained altar of Trog.
  3847 | D:4      | Found a hazy altar of Hepliaklqana.
  4119 | D:5      | Entered Level 5 of the Dungeon
  4139 | D:5      | Reached XP level 6. HP: 18/28 MP: 14/16
  4484 | D:5      | Noticed an ice beast
  4524 | D:5      | Killed an ice beast
  4525 | D:5      | Reached skill level 7 in Spellcasting
  4732 | D:4      | Learned a level 2 spell: Poisonous Vapours
  4736 | D:4      | Learned a level 3 spell: Mephitic Cloud
  4740 | D:4      | Learned a level 3 spell: Ignite Poison
  4745 | D:4      | Learned a level 4 spell: Olgreb's Toxic Radiance
  5201 | D:5      | Found a broken altar of Ashenzari.
  5252 | D:5      | Noticed a sky beast
  5280 | D:5      | Killed a sky beast
  5281 | D:5      | Reached XP level 7. HP: 23/32 MP: 11/19
  5492 | D:5      | Reached skill level 8 in Spellcasting
  5727 | D:6      | Found a staircase to the Ecumenical Temple.
  5787 | D:6      | Reached skill level 1 in Air Magic
  5787 | D:6      | Reached * piety under Dithmenos
  6007 | D:6      | Found an iron altar of Okawaru.
  6035 | D:6      | Found a blossoming altar of Fedhas.
  6101 | D:6      | Found a glowing drain.
  6117 | Sewer    | Entered a sewer
  6120 | Sewer    | Reached XP level 8. HP: 23/36 MP: 16/21
  6362 | Sewer    | Found a white marble altar of Elyvilon.
  6578 | Temple   | Entered the Ecumenical Temple
  7303 | D:6      | Reached ** piety under Dithmenos
  7304 | D:6      | Reached skill level 5 in Poison Magic
  7500 | D:6      | Reached skill level 1 in Long Blades
  7841 | D:6      | Found a sparkling altar of Nemelex Xobeh.
  8173 | D:7      | Reached skill level 9 in Spellcasting
  8291 | D:7      | Reached skill level 5 in Stealth
  8454 | D:7      | Reached XP level 9. HP: 40/40 MP: 11/23
  8507 | D:7      | Reached skill level 1 in Fighting
  9324 | D:7      | Noticed Pikel
  9360 | D:7      | Killed Pikel
 10226 | D:8      | Learned a level 2 spell: Swiftness
 10632 | D:8      | Found a glowing golden altar of the Shining One.
 10733 | D:8      | Found an ornate altar of the Wu Jian Council.
 11529 | D:9      | Reached skill level 10 in Spellcasting
 11535 | D:9      | Reached XP level 10. HP: 45/45 MP: 9/25
 11675 | D:9      | Reached skill level 10 in Dodging
 12033 | D:9      | Noticed Psyche
 12043 | D:9      | Reached *** piety under Dithmenos
 12043 | D:9      | Killed Psyche
 12044 | D:9      | Reached skill level 5 in Transmutations
 12213 | D:9      | Found a staircase to the Lair.
 12422 | D:9      | Noticed Prince Ribbit
 12551 | D:9      | Found a shimmering blue altar of Sif Muna.
 12847 | D:9      | Killed Prince Ribbit
 13103 | D:9      | Reached skill level 1 in Fire Magic
 13138 | D:9      | Reached skill level 11 in Spellcasting
 13288 | D:9      | You fall into a shaft and drop 2 floors!
 13288 | D:11     | Found a flagged portal.
 13292 | D:11     | Noticed a gargoyle
 13295 | Bailey   | Entered a bailey
 13507 | Bailey   | Reached **** piety under Dithmenos
 13890 | Bailey   | Reached XP level 11. HP: 49/49 MP: 27/27
 13973 | Bailey   | Found the +0 staff of Battle
 14211 | D:11     | Learned a level 1 spell: Shock
 14247 | D:11     | Noticed a two-headed ogre
 14273 | D:11     | Killed a two-headed ogre
 14274 | D:11     | Reached skill level 1 in Conjurations
 14468 | D:11     | Found a runed translucent gate.
 14471 | D:11     | Found a runed translucent gate.
 14521 | D:10     | Entered Level 10 of the Dungeon
 14633 | D:10     | Reached ***** piety under Dithmenos
 14719 | D:11     | Found a runed translucent gate.
 14996 | D:10     | Found a staircase to the Orcish Mines.
 15632 | Orc:1    | Entered Level 1 of the Orcish Mines
 15670 | Orc:1    | Reached skill level 12 in Spellcasting
 15976 | Orc:2    | Entered Level 2 of the Orcish Mines
 16205 | Orc:2    | Noticed an orc knight
 16212 | Orc:2    | Killed an orc knight
 16493 | Orc:1    | Gained mutation: [Armour fits poorly on your strangely
                  | shaped body.] [potion of mutation]
 16493 | Orc:1    | Gained mutation: Your flesh is cold resistant. (rC+)
                  | [potion of mutation]
 16494 | Orc:1    | Lost mutation: Your flesh is cold resistant. (rC+) [potion
                  | of mutation]
 16494 | Orc:1    | Lost mutation: [Armour fits poorly on your strangely shaped
                  | body.] [potion of mutation]
 16494 | Orc:1    | Gained mutation: Your muscles are strong. (Str +2) [potion
                  | of mutation]
 16494 | Orc:1    | Gained mutation: Your magical capacity is low. (-10% MP)
                  | [potion of mutation]
 16494 | Orc:1    | Gained mutation: [Your spells are a little easier to cast,
                  | but a little less powerful.] [potion of mutation]
 16494 | Orc:1    | Gained mutation: You evolve. [potion of mutation]
 16694 | Orc:2    | Noticed a two-headed ogre
 16704 | Orc:2    | Reached skill level 5 in Air Magic
 16706 | Orc:2    | Killed a two-headed ogre
 16711 | Orc:2    | Noticed a two-headed ogre
 16715 | Orc:2    | Noticed a deep troll
 16733 | Orc:2    | Killed a two-headed ogre
 16735 | Orc:2    | Killed a deep troll
 16736 | Orc:2    | Reached XP level 12. HP: 53/53 MP: 0/26
 17031 | Orc:2    | Noticed a two-headed ogre
 17036 | Orc:2    | Killed a two-headed ogre
 17087 | Orc:2    | Reached skill level 13 in Spellcasting
 17108 | Orc:2    | Noticed a two-headed ogre
 17116 | Orc:2    | Killed a two-headed ogre
 17217 | Orc:2    | Noticed an ogre mage
 17223 | Orc:2    | Killed an ogre mage
 17290 | Orc:2    | Noticed an ogre mage
 17299 | Orc:2    | Killed an ogre mage
 17344 | Orc:2    | Noticed a two-headed ogre
 17350 | Orc:2    | Killed a two-headed ogre
 17535 | Orc:2    | Found Sasesy's Book Boutique.
 17542 | Orc:2    | Noticed a two-headed ogre
 17543 | Orc:2    | Found Zuckodwo's Assorted Antiques.
 17551 | Orc:2    | Killed a two-headed ogre
 17559 | Orc:2    | Noticed a two-headed ogre
 17568 | Orc:2    | Killed a two-headed ogre
 17579 | Orc:2    | Noticed a two-headed ogre
 17632 | Orc:2    | Killed a two-headed ogre
 17633 | Orc:2    | Reached skill level 14 in Spellcasting
 17849 | Orc:2    | Bought a manual of Stealth for 1104 gold pieces
 17852 | Orc:2    | Found Kig Cen's Distillery.
 17854 | Orc:2    | Found Teschoun's Antique Armour Boutique.
 17877 | Orc:2    | Bought an embroidered robe for 92 gold pieces
 17897 | Orc:2    | Bought a potion of mutation for 112 gold pieces
 17897 | Orc:2    | Lost mutation: Your magical capacity is low. (-10% MP)
                  | [potion of mutation]
 17897 | Orc:2    | Lost mutation: [Your spells are a little easier to cast,
                  | but a little less powerful.] [potion of mutation]
 17897 | Orc:2    | Gained mutation: You have an increased reservoir of magic.
                  | (+10% MP) [potion of mutation]
 17897 | Orc:2    | Gained mutation: You are partially covered in large bone
                  | plates. (SH +4) [potion of mutation]
 17913 | Orc:2    | Gained mutation: You possess an exceptional clarity of
                  | mind. [evolution]
 18157 | Orc:2    | Reached skill level 1 in Armour
 18352 | Orc:2    | Found a staircase to the Elven Halls.
 18473 | Lair:1   | Entered Level 1 of the Lair of Beasts
 18943 | Lair:1   | Reached ****** piety under Dithmenos
 18946 | Lair:1   | Reached skill level 5 in Conjurations
 19152 | Lair:2   | Reached XP level 13. HP: 54/57 MP: 32/35
 19556 | Lair:2   | Reached skill level 10 in Poison Magic
 19557 | Lair:2   | Reached skill level 10 in Stealth
 19905 | Lair:2   | Found a staircase to the Swamp.
 20804 | Lair:3   | Gained mutation: You have large cloven feet. [evolution]
 21294 | Lair:3   | Found a staircase to the Snake Pit.
 21982 | Lair:4   | Noticed Nergalle
 22003 | Lair:4   | Killed Nergalle
 22243 | Lair:4   | Learned a level 5 spell: Lightning Bolt
 22886 | Lair:4   | Reached skill level 15 in Spellcasting
 23632 | Lair:4   | Reached skill level 1 in Shields
 24139 | Lair:5   | Reached XP level 14. HP: 62/62 MP: 24/37
 24693 | Lair:5   | Found a runed translucent door.
 24788 | Lair:5   | Got a twitching silver ring
 24801 | Lair:5   | Identified the ring of Eternity {Str+4 SInv Stlth+} (You
                  | found it on level 5 of the Lair of Beasts)
 24945 | Lair:5   | Found a staircase to the Slime Pits.
 25359 | Lair:5   | Learned a level 3 spell: Summon Guardian Golem
 25857 | Lair:6   | Entered Level 6 of the Lair of Beasts
 25933 | Lair:6   | Noticed Josephine
 26478 | Lair:6   | Reached skill level 1 in Hexes
 26550 | Lair:6   | Reached skill level 1 in Summonings
 27328 | Lair:6   | Identified the +4 hunting sling of Junoth {speed, Str-4
                  | Int+2 Dex+3}
 27371 | Lair:6   | Reached skill level 16 in Spellcasting
 28614 | Lair:6   | Killed Josephine
 28873 | Orc:2    | Bought a book of Minor Magic for 200 gold pieces
 28873 | Orc:2    | Bought a book of Hexes for 500 gold pieces
 28876 | Orc:2    | Learned a level 2 spell: Slow
 28882 | Orc:2    | Learned a level 5 spell: Silence
 28885 | Orc:2    | Learned a level 2 spell: Blink
 29038 | Snake:1  | Entered Level 1 of the Snake Pit
 29046 | Snake:1  | Reached skill level 15 in Dodging
 29053 | Snake:1  | Reached skill level 1 in Translocations
 29067 | Snake:1  | Reached XP level 15. HP: 48/66 MP: 29/39
 29425 | Snake:1  | Found Henkaex's Magic Scroll Shoppe.
 29429 | Snake:1  | Found Lyno's Jewellery Shoppe.
 30132 | D:9      | Learned a level 4 spell: Cause Fear
 30427 | D:11     | Noticed vvl's ghost (novice DsTm)
 30619 | D:11     | Killed vvl's ghost
 30756 | D:11     | Got the ring of Zotti {Fire}
 30781 | D:11     | Identified the ring of Zotti {Fire rN+ Int+3} (You found it
                  | on level 11 of the Dungeon)
 30822 | D:11     | Learned a level 5 spell: Fireball
 32554 | D:13     | Noticed Nessos
 32566 | D:13     | Killed Nessos
 32567 | D:13     | Reached skill level 1 in Invocations
 33876 | D:14     | Noticed Urug
 33882 | D:14     | Noticed Rupert
 33887 | D:14     | Killed Urug
 33902 | D:14     | Killed Rupert
 33924 | D:14     | Found a gate to the Vaults.
 34315 | D:15     | Entered Level 15 of the Dungeon
 35040 | D:15     | Lost mutation: Your muscles are strong. (Str +2) [potion of
                  | mutation]
 35040 | D:15     | Lost mutation: You have large cloven feet. [potion of
                  | mutation]
 35040 | D:15     | Gained mutation: You have a somewhat thin skeletal
                  | structure. (Dex +2, Stealth) [potion of mutation]
 35040 | D:15     | Gained mutation: Your spells are a little harder to cast,
                  | but a little more powerful. [potion of mutation]
 35040 | D:15     | Gained mutation: You are robust. (+10% HP) [potion of
                  | mutation]
 35041 | D:15     | Lost mutation: You possess an exceptional clarity of mind.
                  | [potion of mutation]
 35041 | D:15     | Lost mutation: You evolve. [potion of mutation]
 35041 | D:15     | Lost mutation: Your spells are a little harder to cast, but
                  | a little more powerful. [potion of mutation]
 35041 | D:15     | Lost mutation: You are robust. (+10% HP) [potion of
                  | mutation]
 35041 | D:15     | Gained mutation: You tend to lose your temper in combat.
                  | [potion of mutation]
 35041 | D:15     | Gained mutation: You are robust. (+10% HP) [potion of
                  | mutation]
 35218 | D:15     | Reached skill level 17 in Spellcasting
 35218 | D:15     | Reached skill level 5 in Hexes
 35508 | D:15     | Identified a scroll of acquirement
 35513 | D:15     | Acquired 253 gold pieces
 35767 | D:15     | Reached XP level 16. HP: 64/78 MP: 32/41
 35897 | D:15     | Learned a level 4 spell: Summon Lightning Spire
 36021 | D:15     | Found a staircase to the Depths.
 36391 | Elf:1    | Entered Level 1 of the Elven Halls
 37559 | Elf:1    | Acquired 1208 gold pieces
 37662 | Elf:1    | Identified the Collected Works on Calling
 38081 | Orc:2    | Bought a book of Changes for 250 gold pieces
 38081 | Orc:2    | Bought a book of Power for 450 gold pieces
 38256 | Snake:1  | Bought the ring "Reskeadump" {rElec rPois rF+ rN+ Str-4
                  | Stlth+} for 577 gold pieces
 38328 | Snake:1  | Reached skill level 1 in Evocations
 38417 | Snake:1  | Learned a level 5 spell: Blade Hands
 38639 | Snake:1  | You fall into a shaft and drop 1 floor!
 38834 | Snake:2  | Reached skill level 5 in Fire Magic
 38916 | Snake:2  | Lost mutation: You are robust. (+10% HP) [potion of
                  | mutation]
 38916 | Snake:2  | Lost mutation: You tend to lose your temper in combat.
                  | [potion of mutation]
 38916 | Snake:2  | Gained mutation: You are weak. (Str -2) [potion of
                  | mutation]
 38916 | Snake:2  | Gained mutation: You have a pair of small horns on your
                  | head. [potion of mutation]
 39476 | Snake:2  | Found a hide-covered altar of Uskayaw.
 39540 | Snake:2  | Reached skill level 1 in Unarmed Combat
 40829 | Snake:2  | Found Liorph's Jewellery Boutique.
 41601 | Snake:3  | Found an iron altar of Okawaru.
 42314 | Snake:3  | Reached skill level 18 in Spellcasting
 42317 | Snake:3  | Reached skill level 5 in Invocations
 42595 | Snake:3  | Reached XP level 17. HP: 71/74 MP: 26/43
 42863 | Snake:4  | Entered Level 4 of the Snake Pit
 43214 | Snake:4  | Found Vatuysigh's Jewellery Boutique.
 43217 | Snake:4  | Found Tuhaoss's Gadget Shoppe.
 43219 | Snake:4  | Found Jaxt's Jewellery Boutique.
 43235 | Snake:4  | Bought the amulet "Howylut" {Reflect rPois rC+ Dex+2 SH+5}
                  | for 681 gold pieces
 43394 | Snake:4  | Found Syos Ajok's Antique Weapon Shoppe.
 44649 | Snake:4  | Noticed Mara
 44657 | Snake:4  | Reached skill level 5 in Summonings
 44661 | Snake:4  | Killed Mara
 46306 | Snake:4  | Got a serpentine rune of Zot
 47640 | Elf:2    | Found Raonoqeush's Weapon Boutique.
 47857 | Elf:2    | Reached XP level 18. HP: 47/79 MP: 8/45
 48226 | Elf:2    | Found a runed translucent gate.
 48226 | Elf:2    | Found a runed translucent gate.
 48227 | Elf:2    | Found a runed translucent gate.
 48233 | Elf:2    | Noticed BlaiseRascal's ghost (adept OpDe)
 48234 | Elf:2    | Found an iron altar of Okawaru.
 49062 | Elf:2    | Found a shimmering altar of Xom.
 49081 | Elf:2    | Acquired 1321 gold pieces
 49130 | Elf:2    | Got a bloodstained robe
 49141 | Elf:2    | Identified the +2 robe of Vaquazei {rElec Slay+2} (You
                  | found it on level 2 of the Elven Halls)
 49232 | Elf:2    | Found a runed translucent gate.
 49232 | Elf:2    | Found a runed translucent gate.
 49232 | Elf:2    | Found a runed translucent gate.
 49382 | Elf:2    | Learned a level 5 spell: Summon Mana Viper
 49846 | Elf:2    | Reached skill level 10 in Conjurations
 49959 | Elf:2    | Reached skill level 19 in Spellcasting
 51511 | Elf:3    | Entered Level 3 of the Elven Halls
 53114 | Elf:3    | Cast into level 2 of the Abyss (a deep elf sorcerer)
 53206 | Abyss:2  | Noticed a bone dragon
 53287 | Abyss:2  | Found a corrupted altar of Lugonu.
 53413 | Abyss:2  | Paralysed by accursed screaming for 1 turns
 53414 | Abyss:2  | Killed from afar by a starcursed mass

Illustrated notes

Levels and vault maps discovered:
D:1:      onia_arrival_mini_maze_b, layout_rooms
D:2:      layout_basic, xom_teletrap_fun
D:3:      layout_loops_ring, nicolae_ru_great_annihilating_truth,
          vehumet_crystals, dk_noncrumbling_4
D:4:      layout_gridville, nicolae_overflow_hidden_temple,
          kennysheep_mini_moat, old_standard_altar, serial_shops, shop,
          minmay_misc_feat_chi
D:5:      layout_basic, lemuel_crystal_altar
D:6:      layout_basic, lemuel_coloured_pillars_altar,
          nicolae_overflow_crystal_walls, old_standard_altar,
          minmay_temple_entry_stoned_glass, portal_sewer_entry_f
D:7:      layout_basic, uniq_pikel
D:8:      kennysheep_blocky_room, layout_gridville, old_standard_altar,
          pdpol_wu_jian_five_deadly_venoms
D:9:      layout_cave_pools, old_standard_altar, due_lair_maze_entry_diamond,
          serial_column_ruins, column_ruins_courtyard_long, column_ruins_hut,
          column_ruins_corridor_straight, column_ruins_open_tiny,
          column_ruins_open_small, column_ruins_open_small,
          column_ruins_columns_straight, corexii_hall_statues_i,
          uniq_prince_ribbit1, uniq_psyche
D:10:     layout_cross, erik_orc_4
D:11:     layout_basic, enter_bailey_6, gammafunk_ghost_icy,
          portal_ice_cave_entry_ice_beasts, serial_rivers,
          chequers_serial_rivers_small_a, chequers_serial_rivers_room_a,
          chequers_serial_rivers_large_a, chequers_serial_rivers_small_3,
          chequers_serial_rivers_small_3, chequers_serial_rivers_micro_b
D:12:     layout_loops_cross, minivault_28
D:13:     layout_cave_pods, uniq_nessos
D:14:     layout_long_grid, david_vaults_3, kennysheep_cross_bottleneck
D:15:     grunt_enter_depths_magical_seal, layout_rooms
Temple:   compressed_dpeg_triangle_lava_temple
Lair:1:   layout_loops_ring, patterned_corridor
Lair:2:   layout_loops_ring, swamp_mist, minivault_11
Lair:3:   layout_loops_ring, guppyfry_snake_entry_garden, serial_bayou_shore_b,
          infiniplex_staircase_pool_2, lemuel_fruit_fields, grunt_megastairs_2
Lair:4:   nzn_winding_woodlands_stair_cross [nzn_winding_woodlands_5x15_twine,
          nzn_winding_woodlands_center_pierced_h,
          nzn_winding_woodlands_5x15_sidewinder,
          nzn_winding_woodlands_5x5_checkerboard,
          nzn_winding_woodlands_5x5_perimeter, nzn_winding_woodlands_5x15_cabin,
          nzn_winding_woodlands_center_diamonds,
          nzn_winding_woodlands_5x15_eye], layout_gridlike,
          serial_bayou_lagoon_a, minmay_stone_trees_small,
          minmay_lair_oklob_bushes, uniq_nergalle
Lair:5:   layout_hall_layers, minmay_slime_entry_oklob_enclosed,
          pf_torpor_hydra, grunt_megastairs_5
Lair:6:   minmay_lair_end_enchanted_forest, layout_cave_pods,
          serial_bayou_shore_b, uniq_josephine
Snake:1:  layout_misc_corridors, minmay_shop_star
Snake:2:  layout_misc_corridors, basic_altar, serial_shops, nicolae_shop_trees
Snake:3:  layout_cave_shapes, basic_altar
Snake:4:  snake_pit_salamanders_mu, layout_basic, serial_shops,
          nicolae_shop_crystal, minmay_shop_grove, uniq_mara
Orc:1:    cheibrodos_orc_arena, layout_diamond_mine
Orc:2:    st_orc_open, layout_caves, nicolae_orc_lava_room
Elf:1:    minmay_elf_arrival_summoners, layout_gridlike, minmay_elf_demonology,
          solitary_fountain, fountainhead
Elf:2:    layout_loops_ring, gammafunk_ghost_fury_of_okawaru, basic_altar,
          serial_shops, shop, grunt_ministairs_9, serial_sigils_hangedman_shear
Elf:3:    minmay_elf_hall_x, layout_geoelf_octagon, minivault_16
Abyss:2:  base: Lair:5, hangedman_eye_storm

Skill      XL: |  1  2  3  4  5  6  7  8  9 10 11 12 13 14 15 16 17 18 |
---------------+-------------------------------------------------------+-----
Spellcasting   | 3 4 5 6 7 8 9 10 11 12 14 15 16 17 18 19 | 19.4
Dodging        | 4 5 6 7 8 9 11 12 13 15 16 17 | 17.9
Transmutations | 2 3 4 6 7 |  7.2
Air Magic      | 1 2 3 5 6 7 8 9 |  9.5
Poison Magic   | 4 5 6 8 9 10 11 12 | 12.8
Stealth        | 5 7 9 11 12 13 | 13.2
Long Blades    | 1 2 |  2.3
Fighting       | 1 2 |  2.5
Fire Magic     | 1 3 4 5 |  5.5
Conjurations   | 3 5 6 7 8 9 10 | 10.2
Armour         | 1 |  1.0
Shields        | 1 2 |  2.8
Hexes          | 3 5 6 8 |  8.3
Summonings     | 2 4 5 7 |  7.1
Translocations | 1 2 |  2.2
Invocations    | 3 5 6 |  6.4
Evocations     | 1 |  1.4
Unarmed Combat | 2 4 |  4.1
Short Blades   | |  0.5
Staves         | |  0.4

Action                   |  1- 3 |  4- 6 |  7- 9 | 10-12 | 13-15 | 16-18 || total
-------------------------+-------+-------+-------+-------+-------+-------++-------
Melee: Unarmed           |     3 |       |       |       |       |    34 ||    37
       Dagger            |    31 |       |       |       |    10 |    19 ||    60
       Whip              |    11 |    61 |   102 |       |       |       ||   174
       Falchion          |       |       |    96 |   108 |       |       ||   204
       Staff             |       |       |       |    42 |    60 |    24 ||   126
       Kick              |       |       |       |       |    15 |       ||    15
       Headbutt          |       |       |       |       |       |    10 ||    10
Throw: Boomerang         |       |     2 |       |       |       |       ||     2
       Dart              |       |       |    15 |    10 |     1 |     8 ||    34
       Throwing net      |       |       |       |     1 |       |       ||     1
 Cast: Sting             |    62 |    54 |    69 |    93 |    66 |    48 ||   392
       Poisonous Vapours |       |     3 |    30 |    86 |    99 |    29 ||   247
       Ignite Poison     |       |     1 |    27 |    59 |    98 |    55 ||   240
       Mephitic Cloud    |       |       |    20 |    25 |    67 |    82 ||   194
       Olgreb's Toxic Ra |       |       |     5 |    21 |    36 |    13 ||    75
       Shock             |       |       |       |   221 |   638 |   621 ||  1480
       Lightning Bolt    |       |       |       |       |    29 |   129 ||   158
       Summon Guardian G |       |       |       |       |    15 |    24 ||    39
       Slow              |       |       |       |       |     5 |    23 ||    28
       Fireball          |       |       |       |       |     3 |    31 ||    34
       Blink             |       |       |       |       |     2 |    11 ||    13
       Silence           |       |       |       |       |     1 |     1 ||     2
       Summon Lightning  |       |       |       |       |       |    17 ||    17
       Cause Fear        |       |       |       |       |       |     5 ||     5
       Blade Hands       |       |       |       |       |       |     3 ||     3
       Summon Mana Viper |       |       |       |       |       |     8 ||     8
Invok: Shadow Step       |       |       |       |     1 |     1 |    10 ||    12
Evoke: Wand              |       |       |     4 |     5 |     1 |     6 ||    16
  Use: Scroll            |     4 |     1 |     3 |     7 |    17 |    15 ||    47
       Potion            |     1 |       |     5 |     4 |     2 |     6 ||    18
 Stab: Sleeping          |     6 |     6 |     3 |     3 |     1 |    10 ||    29
       Confused          |       |       |       |       |       |     3 ||     3
       Distracted        |       |       |       |       |       |     1 ||     1
Armor: Robe              |     4 |     1 |    14 |     9 |    11 |     3 ||    42
       Troll leather arm |       |       |       |     1 |       |       ||     1
Dodge: Dodged            |    63 |    63 |   307 |   361 |   285 |   371 ||  1450
       Repelled          |       |       |       |       |     4 |    22 ||    26
Block: Other             |       |       |       |     3 |    73 |   169 ||   245
       Reflection        |       |       |       |       |    13 |    36 ||    49
       Rpst.: Falchion   |       |       |    42 |    78 |       |       ||   120
